 Dungeon Crawl Stone Soup version 0.28-a0-1395-g4f6bc678fa (webtiles) character file.

Game seed: 13705119788096922153

125688 wakim the Worldbinder (level 16, -1/76 HPs)
             Began as a Felid Summoner on Jan 4, 2022.
             Was an Initiate of Gozag.
             Succumbed to a black mamba's poison
             ... on level 2 of the Snake Pit.
             The game lasted 02:49:05 (48819 turns).

wakim the Worldbinder (Felid Summoner)             Turns: 48819, Time: 02:49:06

Health: -1/76      AC:  3    Str:  4    XL:     16   Next: 12%
Magic:  23/31      EV: 26    Int: 26    God:    Gozag
Gold:   2497       SH:  0    Dex: 19    Spells: 12/36 levels left
                                        Lives:  0   Deaths: 5

rFire   + . .      SeeInvis +   (weapon unavailable)
rCold   + + .      Faith    .   (shield unavailable)
rNeg    . . .      Spirit   .   (armour unavailable)
rPois   +          Reflect  .   (helmet unavailable)
rElec   .          Harm     .   (cloak unavailable)
rCorr   .          Rampage  .   (gloves unavailable)
Will    ++...                   (boots unavailable)
Stlth   ++........              f - amulet of Evyim {RegenMP rC+ Int+4}
HPRegen 0.22/turn               O - ring of protection from fire
MPRegen 0.62/turn               j - ring of poison resistance

@: lethally poisoned (-1 -> -12), studying Stealth, quick
A: very small, claws 1, fangs 3, see invisible, speed 1, shaggy fur 3, stealthy
paws, no weapons or thrown items, no armour, multi-lived
}: 1/15 runes: serpentine
a: Renounce Religion, Potion Petition, Call Merchant, Bribe Branch


You were on level 2 of the Snake Pit.
You worshipped Gozag.
Gozag was most pleased with you.
You visited 6 branches of the dungeon, and saw 29 of its levels.

You collected 12253 gold pieces.
You spent 2746 gold pieces at shops.
You paid 7010 gold pieces to Gozag.

Inventory:

Missiles
 o - a throwing net {=f!f}
Jewellery
 f - the amulet of Evyim (around neck) {RegenMP rC+ Int+4}
   (You found it on level 2 of the Dungeon)

   [amulet of magic regeneration]

   It increases your rate of magic regeneration.
   Int:       It affects your intelligence (+4).
   rC:        It protects you from cold.
 h - a ring of flight
 i - an amulet of reflection
 j - a ring of poison resistance (right paw)
 l - a ring of protection from cold
 s - an amulet of the acrobat
 O - a ring of protection from fire (left paw)
 P - a ring of positive energy
 V - a +4 ring of evasion
Wands
 k - a wand of charming (4)
 q - a wand of acid (8)
 t - a wand of digging (20)
 u - a wand of mindburst (22)
 v - a wand of flame (27)
 x - a wand of iceblast (6)
 y - a wand of paralysis (15)
Scrolls
 n - 2 scrolls of amnesia
 r - 8 scrolls of identify
 Q - a scroll of immolation {!r!r}
 R - 2 scrolls of magic mapping {!r}
 S - 3 scrolls of summoning
 T - 16 scrolls of teleportation
 U - a scroll of fear
 W - 2 scrolls of holy word
 X - 5 scrolls of fog
 Y - a scroll of blinking {!r}
 Z - 2 scrolls of silence {!r}
Potions
 A - 3 potions of ambrosia
 B - 2 potions of attraction {!q}
 C - a potion of berserk rage {!q}
 D - 6 potions of brilliance
 E - a potion of cancellation
 F - 10 potions of curing
 G - 7 potions of flight
 H - 5 potions of haste
 I - a potion of invisibility
 J - 3 potions of heal wounds
 K - a potion of magic
 L - 2 potions of lignification {!q}
 M - 3 potions of mutation {!q}
 N - 2 potions of might
Miscellaneous
 m - a phantom mirror
 w - a phial of floods
 z - a box of beasts


   Skills:
 - Level 12.0 Fighting
 - Level 12.0 Dodging
 - Level 2.6 Stealth
 + Level 10.7 Spellcasting
 - Level 5.0 Hexes
 + Level 23.3 Summonings
 - Level 12.0 Translocations
 + Level 10.9 Air Magic


You had 12 spell levels left.
You knew the following spells:

 Your Spells              Type           Power      Damage    Failure   Level
a - Malign Gateway        Summ/Tloc      40%        N/A       2%          7
b - Summon Guardian Gole  Hex/Summ       73%        N/A       1%          3
c - Call Canine Familiar  Summ           94%        N/A       0%          3
d - Monstrous Menagerie   Summ           47%        N/A       1%          7
z - Summon Lightning Spi  Summ/Air       80%        N/A       1%          4

Your spell library contained the following spells:

 Spells                   Type           Power      Damage    Failure   Level
 Summon Small Mammal      Summ           100%       N/A       0%          1
 Call Imp                 Summ           94%        N/A       0%          2
 Apportation              Tloc           100%       N/A       1%          1
 Shock                    Conj/Air       100%       1d9       1%          1
 Slow                     Hex            100%       N/A       1%          1
 Static Discharge         Conj/Air       42%        N/A       1%          2
 Confusing Touch          Hex            39%        N/A       1%          3
 Gell's Gravitas          Tloc           66%        N/A       1%          3
 Swiftness                Air            63%        N/A       1%          3
 Teleport Other           Tloc           66%        N/A       1%          3
 Airstrike                Air            31%        N/A       1%          4
 Summon Forest            Summ/Tloc      40%        N/A       1%          5
 Summon Mana Viper        Hex/Summ       73%        N/A       1%          5
 Summon Hydra             Summ           47%        N/A       1%          7
 Mephitic Cloud           Conj/Pois/Air  32%        N/A       2%          3
 Iskenderun's Mystic Bla  Conj/Tloc      45%        2d10      3%          4
 Animate Skeleton         Necr           26%        N/A       4%          1
 Magic Dart               Conj           52%        1d5       4%          1
 Pain                     Necr           52%        1d6       4%          1
 Sandblast                Erth           26%        2d8       4%          1
 Dazzling Flash           Conj/Hex       52%        N/A       4%          3
 Silence                  Hex/Air        26%        N/A       4%          5
 Dispersal                Tloc           33%        N/A       4%          6
 Cause Fear               Hex            19%        N/A       5%          4
 Passwall                 Tmut/Erth      10%        N/A       6%          2
 Lightning Bolt           Conj/Air       21%        1d36      12%         5
 Conjure Flame            Conj/Fire      13%        6-21      13%         3
 Ignite Poison            Fire/Tmut/Pois 13%        N/A       13%         3
 Ozocubu's Armour         Ice            13%        N/A       13%         3
 Stone Arrow              Conj/Erth      26%        3d8       13%         3
 Vampiric Draining        Necr           13%        2d6       13%         3
 Freezing Cloud           Conj/Ice/Air   16%        6-21      26%         5
 Haunt                    Necr/Summ      32%        N/A       30%         7
 Dragon's Call            Summ           47%        N/A       30%         9
 Olgreb's Toxic Radiance  Pois           13%        N/A       38%         4
 Sticky Flame             Conj/Fire      13%        2d4       38%         4
 Metabolic Englaciation   Hex/Ice        13%        N/A       38%         5
 Conjure Ball Lightning   Conj/Air       21%        3x3d6     56%         6
 Agony                    Necr           13%        N/A       75%         5
 Alistair's Intoxication  Tmut/Pois      8%         N/A       75%         5
 Blade Hands              Tmut           6%         N/A       75%         5
 Fireball                 Conj/Fire      6%         3d5       75%         5
 Irradiate                Conj/Tmut      6%         3d15      75%         5
 Iskenderun's Battlesphe  Conj           13%        2d7       75%         5
 Disjunction              Tloc           33%        N/A       90%         8
 Maxwell's Capacitive Co  Air            31%        ∞         97%         8
 Eringya's Noxious Bog    Tmut/Pois      6%         N/A       100%        6
 Simulacrum               Ice/Necr       6%         N/A       100%        6
 Starburst                Conj/Fire      6%         6d4       100%        6
 Dragon Form              Tmut           6%         N/A       100%        7
 Orb of Destruction       Conj           6%         9d3       100%        7
 Ozocubu's Refrigeration  Ice            6%         4d6       100%        7
 Discord                  Hex            19%        N/A       100%        8
 Ignition                 Fire           6%         3d4       100%        8


Dungeon Overview and Level Annotations

Branches:
Dungeon (15/15)            Temple (1/1) D:4            Lair (6/6) D:8
  Snake (4/4) Lair:4       Spider (1/4) Lair:3        Slime (0/5) Lair:5
    Orc (2/2) D:9             Elf (0/3) Orc:2        Vaults (0/5) D:14
 Depths (0/4) D:15

Altars:
Ashenzari
Cheibriados
Dithmenos
Fedhas
Gozag
Hepliaklqana
Kikubaaqudgha
Nemelex Xobeh
Okawaru
Qazlal
Sif Muna
Trog
Uskayaw
Vehumet
Wu Jian
Xom
Zin
The Shining One
Beogh
Lugonu

Shops:
D:5 *   D:8 [   D:14 *   Orc:2 ?(*(((!   Lair:2 :   Lair:3 :   Lair:4 :
Lair:6 ?   Snake:4 [!

Portals:
Abyss: Lair:6
Trove: D:12 (give horn of Geryon)

Annotations:
D:4 exclusion: sky beast
Snake:2 Lotzicof's ghost, adept TrFi


Innate Abilities, Weirdness & Mutations

You have sharp claws.
You have razor-sharp teeth.
You have supernaturally acute eyesight. (SInv)
You cover ground quickly. (Speed+)
Your thick and shaggy fur keeps you warm. (AC +3, rC+)
Your paws help you pounce on unaware monsters.
You are incapable of wielding weapons or throwing items.
You cannot wear armour.
You gain extra lives every three experience levels.


Message History

The black mamba completely misses you. The black mamba barely misses you.
The black mamba rages.
Casting: Malign Gateway (dangerous; 2% risk of failure)
Confirm with . or Enter, or press ? or * to list all spells.
The dungeon shakes, a horrible noise fills the air, and a portal to some otherworldly place is opened!
The black mamba completely misses you. The shock serpent bites you.
The shock serpent shocks you!
* * * LOW HITPOINT WARNING * * *
The black mamba completely misses you. The shock serpent closely misses you.
The black mamba completely misses you. The black mamba completely misses you.
The shock serpent closely misses you. The black mamba completely misses you.
The shock serpent barely misses you. The black mamba closely misses you.
The shock serpent completely misses you.
The black mamba barely misses you. The black mamba completely misses you.
The shock serpent misses you. The black mamba completely misses you.
The shock serpent completely misses you.
The black mamba completely misses you. The shock serpent misses you.
The black mamba bites you.
* * * LOW HITPOINT WARNING * * *
You are poisoned.
The black mamba poisons you! The shock serpent bites you!
* * * LOW HITPOINT WARNING * * *
The shock serpent shocks you!
* * * LOW HITPOINT WARNING * * *
* * * LOW HITPOINT WARNING * * *
You feel very sick.
Casting: Malign Gateway (dangerous; 2% risk of failure)
Confirm with . or Enter, or press ? or * to list all spells.
You summon a sphinx!
* * * LOW HITPOINT WARNING * * *
You feel very sick. The black mamba bites you.
* * * LOW HITPOINT WARNING * * *
The shock serpent closely misses you. The black mamba bites you.
* * * LOW HITPOINT WARNING * * *
The shock serpent completely misses you.
You die...
Your body crumbles into a pile of gold.

..##...................w..§§§..##
..##..................##.........
..##........>.........##......###
..##..................##..#####..
..##..................##..#SS..#.
################......##.##W..#.S
################SS....##.#......#
...##......##.........##.#©.##..©
...##......##...@.....##.#..S..#.
....'......##..H......##.##W##..[
...##......##.........##..#...??!
#####......##..........##.##..###
#####......##........[.....####.©
...###############.####..........
....##############'#####......)#.
......................##......>##
......................##.......##


You could see a shock serpent (berserk, ally target), a black mamba (berserk)
and a friendly sphinx (summoned).

Vanquished Creatures
  A naga (Snake:4)
1 creature vanquished.

Vanquished Creatures (collateral kills)
  Vashnia (Snake:2)
  Jorgrun (Snake:1)
  2 quicksilver dragons (Snake:4)
  Agnes (Snake:2)
  6 nagarajas
  A ghost moth (Lair:3)
  Aizul (Snake:1)
  A minotaur (Lair:3)
  Josephine (Lair:5)
  A fire dragon (D:13)
  The ghost of Ykiclutu the Cruncher, a journeyman DsDe of Trog (Lair:2)
  7 naga warriors
  9 hydras
  6 centaur warriors
  A death knight (D:14)
  10 boulder beetles
  An alligator (shapeshifter) (Lair:6)
  A dancing weapon (Lair:2)
  14 death yaks
  8 anacondas
  6 two-headed ogres
  4 tengu warriors
  18 naga sharpshooters
  7 shock serpents
  3 thrashing horrors (Lair:6)
  7 orc high priests
  Nergalle (D:10)
  2 salamander mystics
  A glowing orange brain (D:14)
  A wizard (D:15)
  7 naga ritualists
  Pikel (D:8)
  An orc knight (D:13)
  A necromancer (D:15)
  8 mana vipers
  16 ugly things
  A harpy (shapeshifter) (Lair:6)
  2 orc sorcerers
  2 deep elf zephyrmancers
  2 deep elf pyromancers
  6 cyclopes
  7 oklob plants
  14 salamanders
  8 manticores
  16 elephants
  4 torpor snails
  6 guardian serpents
  13 naga magi
  39 black mambas
  3 orange demons (D:12)
  A black mamba (shapeshifter) (D:13)
  A gargoyle (D:14)
  2 smoke demons (Lair:6)
  19 cane toads
  9 komodo dragons
  4 demonic crawlers
  A yaktaur (shapeshifter) (D:15)
  3 rime drakes
  5 yaktaurs
  2 tengu conjurers
  An ancient zyme (Lair:6)
  A queen bee (Lair:2)
  8 trolls
  A polar bear (shapeshifter) (D:14)
  A tyrant leech (Lair:6)
  7 polar bears
  14 slime creatures
  3 hornets
  Prince Ribbit (D:7)
  12 dream sheep (Lair:6)
  31 blink frogs
  A spriggan (Lair:6)
  2 vampires
  8 wraiths
  4 wyverns
  6 jumping spiders (Lair:3)
  A culicivora (Spider:1)
  3 large abominations (Lair:6)
  42 yaks
  8 basilisks
  4 steam dragons
  A ynoxinul (Lair:6)
  A hog (D:8)
  Eustachio (D:5)
  3 chaos spawn (Lair:6)
  6 redbacks
  2 vampire mosquitoes (D:14)
  A basilisk (shapeshifter) (D:13)
  Menkaure (D:7)
  20 nagas
  4 wargs
  2 swamp worms (Lair:6)
  An acid dragon (D:11)
  29 water moccasins
  A floating eye (D:14)
  A black bear (shapeshifter) (D:14)
  7 black bears
  A hornet zombie (D:15)
  A meliai simulacrum (D:13)
  An ice beast (D:6)
  A necrophage (D:4)
  14 orc warriors
  5 sky beasts
  12 ogres
  21 wolves
  6 centaurs
  3 lemures (D:8)
  3 nameless horrors
  10 bullfrogs
  3 kobold brigands
  2 gnoll sergeants
  A water moccasin zombie (D:6)
  8 scorpions
  42 killer bees
  12 wights
  A howler monkey (D:13)
  2 electric eels
  4 centaur zombies
  4 jellies
  7 hounds
  36 orc priests
  A bullfrog skeleton (D:5)
  3 centaur skeletons
  A gnoll shaman (D:8)
  An iguana (D:6)
  Natasha (thrice) (D:3)
  15 orc wizards
  2 hell rats (D:8)
  A killer bee zombie (D:7)
  13 small abominations
  A howler monkey zombie (D:8)
  11 gnolls
  7 adders
  A river rat (D:8)
  2 shadow imps
  An ufetubus (D:7)
  A worm (D:2)
  3 dart slugs (D:2)
  69 orcs
  6 ball pythons
  7 endoplasms
  3 giant cockroaches
  2 hobgoblins (D:1)
  17 jackals
  25 kobolds
  6 quokkas
  2 bats (D:1)
  3 frilled lizards
  11 goblins
  7 rats
993 creatures vanquished.

Vanquished Creatures (others)
  12 eldritch tentacles
  A salamander tyrant (Snake:3)
  A death yak (Lair:2)
  Urug (Lair:1)
  An orc sorcerer (Orc:2)
  Joseph (D:7)
  A black bear (D:8)
  2 wolves (Lair:1)
  An orc wizard (D:7)
  An orc (Orc:2)
  5 bushes (Lair:6)
  51 fungi
  83 plants
161 creatures vanquished.

Grand Total: 1155 creatures vanquished

Notes
Turn   | Place    | Note
-------+----------+-------------------------------------------
     0 | D:1      | wakim the Felid Summoner began the quest for the Orb.
     0 | D:1      | Reached XP level 1. HP: 7/7 MP: 4/4
   337 | D:1      | Reached XP level 2. HP: 9/11 MP: 1/6
   888 | D:1      | Learned a level 2 spell: Call Imp
  1536 | D:1      | Identified a scroll of acquirement
  1536 | D:1      | Acquired a book of the Dragon
  1554 | D:1      | Reached XP level 3. HP: 12/14 MP: 1/8
  1838 | D:2      | Identified the amulet of Evyim {RegenMP rC+ Int+4}
  2500 | D:2      | Reached XP level 4. HP: 18/18 MP: 9/9
  2549 | D:2      | Found a faded altar of an unknown god.
  2947 | D:2      | Reached skill level 5 in Summonings
  3075 | D:3      | Learned a level 3 spell: Call Canine Familiar
  3081 | D:3      | Learned a level 3 spell: Summon Guardian Golem
  3124 | D:3      | Noticed Natasha
  3145 | D:3      | Killed Natasha
  3269 | D:3      | Noticed Natasha
  3310 | D:3      | Killed Natasha
  3415 | D:3      | Reached XP level 5. HP: 21/21 MP: 11/11
  3595 | D:3      | Noticed Natasha
  3604 | D:3      | Killed Natasha
  4281 | D:4      | Found a staircase to the Ecumenical Temple.
  4299 | Temple   | Entered the Ecumenical Temple
  4304 | Temple   | Became a worshipper of Gozag Ym Sagoz the Greedy
  4324 | D:4      | Noticed a necrophage
  4346 | D:4      | Killed a necrophage
  4347 | D:4      | Reached skill level 6 in Summonings
  4347 | D:4      | Gained mutation: You are covered in thick fur. (AC +2)
                  | [Felid growth]
  4347 | D:4      | Reached XP level 6. HP: 24/24 MP: 13/13
  4869 | D:4      | Noticed a sky beast
  4912 | D:4      | Killed a sky beast
  4913 | D:4      | Reached XP level 7. HP: 27/27 MP: 14/14
  5076 | D:5      | Entered Level 5 of the Dungeon
  5126 | D:5      | Noticed Eustachio
  5157 | D:5      | Killed Eustachio
  5158 | D:5      | Reached skill level 5 in Hexes
  5158 | D:5      | Reached skill level 7 in Summonings
  5210 | D:5      | Reached skill level 8 in Summonings
  5281 | D:5      | Found Poowou's General Store.
  5290 | D:5      | Bought a scroll of blinking for 97 gold pieces
  5290 | D:5      | Bought a potion of curing for 39 gold pieces
  5290 | D:5      | Bought a potion of ambrosia for 104 gold pieces
  5461 | D:5      | Reached XP level 8. HP: 31/31 MP: 15/15
  5677 | D:5      | Learned a level 4 spell: Summon Lightning Spire
  5747 | D:5      | Found a glowing silver altar of Zin.
  5953 | D:6      | Found a blossoming altar of Fedhas.
  6355 | D:6      | Reached skill level 9 in Summonings
  6355 | D:6      | Reached skill level 1 in Air Magic
  7132 | D:6      | Reached skill level 10 in Summonings
  7199 | D:6      | Reached XP level 9. HP: 34/34 MP: 16/16
  7586 | D:7      | Noticed Prince Ribbit
  7640 | D:7      | Noticed Menkaure
  7660 | D:7      | Slain by Prince Ribbit
  7661 | D:7      | Reached XP level 8. HP: -1/31 MP: 14/15
  7681 | D:7      | Reached skill level 5 in Air Magic
  7750 | D:7      | Killed Prince Ribbit
  7810 | D:7      | Engulfed by a steam dragon's steam
  7811 | D:7      | Reached XP level 7. HP: -3/27 MP: 6/14
  7813 | D:7      | Found a hazy altar of Hepliaklqana.
  7813 | D:7      | Found an ancient bone altar of Kikubaaqudgha.
  7813 | D:7      | Found a shimmering blue altar of Sif Muna.
  7835 | D:8      | Noticed a hornet
  7836 | D:8      | Found Zekhyp's Armour Emporium.
  7836 | D:8      | Noticed a steam dragon
  7910 | D:8      | Noticed a cyclops
  7916 | D:8      | Noticed a death yak
  7917 | D:8      | Killed a cyclops
  7918 | D:8      | Reached XP level 8. HP: 31/31 MP: 15/15
  7929 | D:8      | Noticed a death yak
  7933 | D:8      | Noticed a death yak
  7936 | D:8      | Killed a death yak
  7959 | D:8      | Killed a death yak
  7960 | D:8      | Reached skill level 11 in Summonings
  7960 | D:8      | Reached XP level 9. HP: 34/34 MP: 11/16
  7965 | D:8      | Killed a death yak
  7998 | D:8      | Found a staircase to the Lair.
  8188 | D:8      | Found a huge runed translucent gate.
  8188 | D:8      | Noticed a manticore
  8189 | D:8      | Found a huge runed translucent gate.
  8189 | D:8      | Found a huge runed translucent gate.
  8189 | D:8      | Found a huge runed translucent gate.
  8189 | D:8      | Noticed a death yak
  8190 | D:8      | Noticed a polar bear
  8190 | D:8      | Noticed a polar bear
  8190 | D:8      | Noticed a manticore
  8190 | D:8      | Noticed a polar bear
  8353 | D:8      | Noticed a green ugly thing
  8376 | D:8      | Killed a green ugly thing
  8757 | D:8      | Noticed a two-headed ogre
  8771 | D:8      | Killed a two-headed ogre
  8772 | D:8      | Reached XP level 10. HP: 37/37 MP: 13/17
  8933 | D:8      | Noticed Pikel
  9192 | D:8      | Killed Pikel
  9193 | D:8      | Reached skill level 12 in Summonings
  9193 | D:8      | Reached skill level 10 in Air Magic
  9936 | D:7      | Noticed Joseph
 10372 | D:7      | Killed Joseph
 10569 | D:7      | Killed Menkaure
 11104 | D:7      | Found an iron altar of Okawaru.
 11241 | D:7      | Reached skill level 13 in Summonings
 11638 | Lair:1   | Entered Level 1 of the Lair of Beasts
 11774 | Lair:1   | Noticed a cane toad
 11786 | Lair:1   | Killed a cane toad
 11787 | Lair:1   | Reached skill level 1 in Fighting
 11846 | Lair:1   | Reached XP level 11. HP: 42/42 MP: 16/18
 11872 | Lair:1   | Noticed Urug
 12236 | Lair:1   | Killed Urug
 12237 | Lair:1   | Reached skill level 5 in Dodging
 12861 | Lair:1   | Slain by a black mamba
 12862 | Lair:1   | Reached XP level 10. HP: -5/43 MP: 14/17
 12969 | Lair:1   | Killed a black mamba
 13112 | Lair:2   | Noticed a cane toad
 13117 | Lair:2   | Noticed a cane toad
 13119 | Lair:2   | Killed a cane toad
 13122 | Lair:2   | Killed a cane toad
 13172 | Lair:2   | Reached skill level 5 in Fighting
 13267 | Lair:2   | Reached skill level 14 in Summonings
 13309 | Lair:2   | Noticed a black mamba
 13317 | Lair:2   | Killed a black mamba
 13318 | Lair:2   | Reached XP level 11. HP: 48/48 MP: 18/18
 13437 | Lair:2   | Noticed a boulder beetle
 13778 | Lair:2   | Noticed a five-headed hydra
 13778 | Lair:2   | Noticed a death yak
 13815 | Lair:2   | Killed a five-headed hydra
 13824 | Lair:2   | Noticed a death yak
 13824 | Lair:2   | Noticed a death yak
 13834 | Lair:2   | Noticed a death yak
 13835 | Lair:2   | Noticed a death yak
 13838 | Lair:2   | Killed a death yak
 13841 | Lair:2   | Killed a death yak
 13857 | Lair:2   | Killed a death yak
 13861 | Lair:2   | Killed a death yak
 13869 | Lair:2   | Killed a death yak
 14000 | Lair:2   | Noticed a four-headed hydra
 14033 | Lair:2   | Killed a four-headed hydra
 14202 | Lair:2   | Killed a boulder beetle
 14223 | Lair:2   | Reached skill level 10 in Dodging
 14485 | Lair:2   | Gained mutation: Your thick and shaggy fur keeps you warm.
                  | (AC +3, rC+) [Felid growth]
 14485 | Lair:2   | Reached XP level 12. HP: 54/54 MP: 19/19
 14487 | Lair:2   | Noticed a seven-headed hydra
 14494 | Lair:2   | Killed a seven-headed hydra
 14539 | Lair:2   | Reached skill level 15 in Summonings
 14851 | Lair:2   | Found a runed translucent door.
 15187 | Lair:2   | Found a shimmering altar of Xom.
 15187 | Lair:2   | Noticed Ykiclutu's ghost (journeyman DsDe)
 16564 | Lair:3   | You fall into a shaft and drop 3 floors!
 16564 | Lair:6   | Entered Level 6 of the Lair of Beasts
 16575 | Lair:6   | Noticed a boulder beetle
 16592 | Lair:6   | Killed a boulder beetle
 17281 | Lair:4   | Reached XP level 13. HP: 42/60 MP: 14/20
 17968 | Lair:2   | Bought a There-And-Back Book for 450 gold pieces
 17968 | Lair:2   | Bought the Tome of Creative Dislocation for 480 gold pieces
 17976 | Lair:2   | Learned a level 7 spell: Monstrous Menagerie
 18129 | Lair:3   | Reached skill level 16 in Summonings
 18252 | Lair:3   | Found a runed translucent door.
 18388 | Lair:3   | Found a hole to the Spider Nest.
 18608 | Lair:3   | Reached skill level 10 in Fighting
 19264 | Lair:4   | Found a shimmering altar of Xom.
 19532 | Lair:4   | Found a staircase to the Snake Pit.
 21366 | Lair:5   | Found a staircase to the Slime Pits.
 21427 | Lair:5   | Noticed Josephine
 21432 | Lair:5   | Reached skill level 17 in Summonings
 21438 | Lair:5   | Killed Josephine
 22176 | Lair:6   | Reached XP level 14. HP: 68/68 MP: 18/21
 23515 | Lair:6   | Reached skill level 18 in Summonings
 23883 | Lair:6   | Reached skill level 5 in Spellcasting
 23992 | Lair:6   | Found a corrupted altar of Lugonu.
 23995 | Lair:6   | Found a one-way gate to the infinite horrors of the Abyss.
 24315 | Lair:6   | Bought a scroll of fog for 36 gold pieces
 24315 | Lair:6   | Bought a scroll of teleportation for 54 gold pieces
 24470 | D:8      | Learned a level 7 spell: Malign Gateway
 24532 | D:8      | Reached skill level 1 in Translocations
 24896 | D:9      | Found a hide-covered altar of Uskayaw.
 24985 | D:9      | Found a snail-covered altar of Cheibriados.
 25779 | D:9      | Found a staircase to the Orcish Mines.
 26116 | D:10     | Entered Level 10 of the Dungeon
 26315 | D:10     | Found a radiant altar of Vehumet.
 26513 | D:10     | Noticed Nergalle
 26525 | D:10     | Killed Nergalle
 27412 | D:11     | Reached skill level 5 in Translocations
 27795 | Lair:2   | Reached XP level 15. HP: 72/72 MP: 15/26
 27802 | Lair:2   | Killed Ykiclutu's ghost
 28514 | Lair:3   | Reached skill level 19 in Summonings
 28731 | Lair:4   | Identified the +7 dagger "Voshepnu" {antimagic, rF- rN+++
                  | Str+2 Stlth+}
 29866 | D:12     | Found a portal to a secret trove of treasure.
 30388 | Orc:1    | Entered Level 1 of the Orcish Mines
 30617 | Orc:1    | You fall into a shaft and drop 1 floor!
 30617 | Orc:2    | Entered Level 2 of the Orcish Mines
 30706 | Orc:2    | Found a staircase to the Elven Halls.
 30781 | Orc:2    | Found Erribboz's Antique Weapon Shoppe.
 30944 | Orc:2    | Found Qarybre's Antique Weapon Shop.
 31028 | Orc:2    | Found Uphynim's Magic Scroll Shoppe.
 31035 | Orc:2    | Bought a scroll of teleportation for 36 gold pieces
 31035 | Orc:2    | Bought a scroll of amnesia for 42 gold pieces
 31035 | Orc:2    | Bought a scroll of blinking for 90 gold pieces
 31035 | Orc:2    | Bought a scroll of silence for 90 gold pieces
 31035 | Orc:2    | Bought a scroll of silence for 90 gold pieces
 31035 | Orc:2    | Bought a scroll of summoning for 114 gold pieces
 31554 | Orc:2    | Found Honyuxke's Assorted Antiques.
 31699 | Orc:2    | Bought a scroll of identify for 66 gold pieces
 31706 | Orc:2    | Found Jauxecs's Weapon Shoppe.
 32040 | Orc:2    | Found Vyucuiq's Distillery.
 32244 | Orc:2    | Found Hazum's Antique Weapon Shop.
 32255 | Orc:2    | Bought a potion of flight for 33 gold pieces
 32255 | Orc:2    | Bought a potion of brilliance for 44 gold pieces
 32255 | Orc:2    | Bought a potion of magic for 88 gold pieces
 32255 | Orc:2    | Bought a potion of curing for 33 gold pieces
 33462 | D:13     | Reached skill level 10 in Translocations
 33964 | D:14     | Found Woatuas's General Store.
 34008 | D:14     | Bought a scroll of teleportation for 39 gold pieces
 34013 | D:14     | Bought a book of Air for 286 gold pieces
 34035 | D:14     | You fall into a shaft and drop 1 floor!
 34035 | D:15     | Entered Level 15 of the Dungeon
 34035 | D:15     | Found an ornate altar of the Wu Jian Council.
 34059 | D:15     | Demolished by an eldritch tentacle
 34060 | D:15     | Reached XP level 14. HP: -15/103 MP: 6/28
 34106 | D:15     | Reached XP level 15. HP: 53/72 MP: 12/29
 34825 | D:15     | Found a staircase to the Depths.
 34974 | D:14     | Reached skill level 20 in Summonings
 35534 | D:14     | Reached skill level 10 in Spellcasting
 36316 | D:14     | Found a hazy altar of Hepliaklqana.
 36416 | D:14     | Found a gate to the Vaults.
 36982 | Snake:1  | Entered Level 1 of the Snake Pit
 37261 | Snake:1  | Noticed Aizul
 37272 | Snake:1  | Killed Aizul
 37659 | Snake:1  | Noticed Jorgrun
 37691 | Snake:1  | Killed Jorgrun
 38998 | Snake:2  | Reached skill level 21 in Summonings
 39125 | Snake:2  | Reached XP level 16. HP: 47/76 MP: 15/31
 39765 | Snake:2  | Noticed Vashnia
 39785 | Snake:2  | Killed Vashnia
 40072 | Snake:2  | Found a transporter.
 40076 | Snake:2  | Noticed Lotzicof's ghost (adept TrFi)
 40775 | Snake:2  | Acquired the Almanac of Companions
 40842 | Snake:2  | Noticed Agnes
 40848 | Snake:2  | Killed Agnes
 41642 | Snake:3  | Found a hide-covered altar of Uskayaw.
 41906 | Snake:3  | Reached skill level 22 in Summonings
 43531 | Snake:4  | Entered Level 4 of the Snake Pit
 44289 | Snake:4  | Found Otuunop's Distillery.
 44289 | Snake:4  | Found Ygenwot's Antique Armour Emporium.
 44298 | Snake:4  | Bought 2 potions of heal wounds for 150 gold pieces
 44298 | Snake:4  | Bought a potion of curing for 45 gold pieces
 44298 | Snake:4  | Bought a potion of curing for 45 gold pieces
 44298 | Snake:4  | Bought a potion of curing for 45 gold pieces
 44298 | Snake:4  | Bought a potion of haste for 150 gold pieces
 45901 | Snake:4  | Reached skill level 23 in Summonings
 46604 | Snake:4  | Noticed a quicksilver dragon
 46636 | Snake:4  | Noticed a quicksilver dragon
 46860 | Snake:4  | Killed a quicksilver dragon
 46862 | Snake:4  | Killed a quicksilver dragon
 46863 | Snake:4  | Reached XP level 17. HP: 61/79 MP: 26/32
 47434 | Snake:4  | Got a serpentine rune of Zot
 47764 | Spider:1 | Entered Level 1 of the Spider Nest
 48381 | Snake:2  | Found a transporter.
 48410 | Snake:2  | Mangled by a mana viper
 48411 | Snake:2  | Reached XP level 16. HP: -12/76 MP: 7/31
 48818 | Snake:2  | HP: 2/76 [black mamba (3)]
 48819 | Snake:2  | Succumbed to a black mamba's poison

Illustrated notes

Levels and vault maps discovered:
D:1:      saegor_arrival_fortress, layout_basic
D:2:      minmay_razor_zed, layout_basic,
          dreamdust_ecumenical_altar_hidden_monk_grotto
D:3:      layout_loops_ring, uniq_natasha
D:4:      layout_loops_ring, minmay_temple_entry_drinking_statues,
          lemuel_old_faithful
D:5:      layout_basic, lemuel_tele_altar, serial_shops, nicolae_shop_stone,
          uniq_eustachio
D:6:      layout_gridville, mainiacjoe_overflow_boulevard
D:7:      layout_basic, kennysheep_okawaru_gauntlet,
          gammafunk_temple_overflow_forgotten, uniq_prince_ribbit1,
          uniq_menkaure, uniq_joseph
D:8:      lemuel_bear_cage, layout_cave_pods, dpeg_lair_monsters,
          kennysheep_windowed_goal, uniq_pikel
D:9:      layout_loops_ring, mainiacjoe_overflow_catch_the_wave, erik_orc_2
D:10:     layout_rooms, overflow_temple_1_default, uniq_nergalle
D:11:     lemuel_ogre_cave, layout_basic, minmay_misc_feat_hallway,
          lemuel_nasty_fountain
D:12:     layout_irregular_city, enter_trove_6, einodemon_barbed_minivault
D:13:     minmay_triangles_in_corner, layout_cave_pools,
          minmay_misc_feat_enclosed, uniq_erolcha
D:14:     cheibrodos_hippocracy, layout_irregular_city, david_vaults_1,
          nzn_hepliaklqana_mist_gate, serial_shops, shop,
          chequers_serial_rivers_room_a
D:15:     grunt_enter_depths_magical_seal, layout_rooms, serial_park_square1
          [serial_park_minivault_5x5_5], nicolae_wu_jian_wuxing_cycle
Temple:   cyrus_circular_temple
Lair:1:   beast_lair_carwin_large_2, layout_layer_cave,
          nicolae_quartered_pool_medium, lemuel_fruit_fields, uniq_urug
Lair:2:   regret_index_harrowing_hell_hive, layout_big_grid, ebering_ghost_xom,
          beast_lair_carwin_9
Lair:3:   dreamdust_labyrinth, layout_hall_layers,
          nicolae_spider_entry_tight_spaces
Lair:4:   minmay_lair_oklob_chamber, layout_hall_layers,
          minmay_snake_entry_six_corridors, st_stairs_4, lemuel_oklob_altar,
          infiniplex_staircase_pool, lemuel_fruit_tree, lemuel_fruit_fields
Lair:5:   layout_long_grid, minmay_slime_entry_oklob_enclosed,
          wad_woods_river_01, uniq_josephine
Lair:6:   hellmonk_lair_end_abyssal_woods, layout_regular_city,
          minmay_hedge_maze, worms_lemuel, serial_bayou_shore_b,
          grunt_megastairs_3, serial_bayou_shore_b
Snake:1:  layout_misc_corridors, uniq_aizul, uniq_jorgrun
Snake:2:  layout_grid_maze, gammafunk_ghost_berserking_beasts, uniq_agnes,
          uniq_vashnia
Snake:3:  layout_onion_interference, basic_altar
Snake:4:  hellmonk_snake_rune_quicksilver_temple, layout_cave_town,
          nicolae_snake_guarding_the_ruins, minmay_shoptagon
Spider:1: layout_spider_delve, nicolae_spider_acid_house
Orc:1:    layout_caves
Orc:2:    st_orc_town, layout_diamond_mine, serial_shops, shop, shop,
          nicolae_shop_crystal, guppyfry_library_mini

Skill      XL: |  1  2  3  4  5  6  7  8  9 10 11 12 13 14 15 16 |
---------------+-------------------------------------------------+-----
Spellcasting   | 3 4 6 10 | 10.7
Summonings     | 5 6 8 11 14 15 17 18 21 23 | 23.3
Hexes          | 2 4 5 |  5.0
Air Magic      | 6 8 9 10 | 10.9
Dodging        | 7 10 12 | 12.0
Fighting       | 5 7 9 11 12 | 12.0
Translocations | 5 12 | 12.0
Stealth        | |  2.6

Action                   |  1- 3 |  4- 6 |  7- 9 | 10-12 | 13-15 | 16-18 || total
-------------------------+-------+-------+-------+-------+-------+-------++-------
Melee: Unarmed           |     2 |     1 |     6 |     8 |     8 |     1 ||    26
 Cast: Summon Small Mamm |    32 |     8 |    21 |     7 |     1 |       ||    69
       Call Imp          |    25 |     8 |    11 |     2 |       |       ||    46
       Call Canine Famil |       |    20 |    42 |    65 |    37 |     3 ||   167
       Summon Lightning  |       |       |    17 |   103 |   141 |     4 ||   265
       Summon Guardian G |       |       |     1 |    10 |     4 |       ||    15
       Monstrous Menager |       |       |       |       |   346 |   156 ||   502
       Malign Gateway    |       |       |       |       |     1 |    13 ||    14
Invok: Potion Petition   |       |       |       |     1 |     3 |     4 ||     8
       Call Merchant     |       |       |       |       |     3 |     1 ||     4
  Use: Scroll            |     3 |     6 |     7 |     6 |     9 |     5 ||    36
       Potion            |       |       |     5 |     2 |     2 |       ||     9
 Stab: Betrayed ally     |       |       |     1 |       |       |       ||     1
Armor: Skin              |     4 |     3 |     6 |     8 |    27 |     5 ||    53
Dodge: Dodged            |    30 |    44 |    59 |   129 |   287 |   134 ||   683

Table legend: (Time is in decaauts)
 A = Elapsed time spent in this place.
 B = Non-inter-level travel time spent in this place.
 C = Inter-level travel time spent in this place.
 D = Time resting spent in this place.
 E = Time spent auto-exploring this place.
 F = Levels seen in this place.
 G = Mean time per level.
                   A        B        C        D        E       F      G
               +--------+--------+--------+--------+--------+-----+--------+
         Total |  43805 |  41378 |   2427 |   4961 |  25818 |  29 | 1510.5 |
       Dungeon |  18491 |  17421 |   1070 |    953 |  12101 |  15 | 1232.7 |
        Temple |      9 |      9 |      0 |      0 |      0 |   1 |    9.0 |
          Lair |  13034 |  12177 |    857 |   1073 |   7156 |   6 | 2172.3 |
     Snake Pit |  10486 |  10048 |    438 |   2712 |   5510 |   4 | 2621.5 |
   Spider Nest |      7 |      7 |      0 |      0 |      0 |   1 |    7.0 |
  Orcish Mines |   1776 |   1717 |     59 |    222 |   1049 |   2 |  888.0 |
               +--------+--------+--------+--------+--------+-----+--------+

Top non-repeatable levels by time:
  Lair:2: 3717 daAuts
 Snake:4: 3433 daAuts
 Snake:2: 3282 daAuts
 Snake:3: 2496 daAuts
  Lair:6: 2289 daAuts
  Lair:3: 2214 daAuts
     D:8: 2082 daAuts
    D:14: 2075 daAuts
  Lair:4: 1913 daAuts
     D:7: 1780 daAuts
   Orc:2: 1558 daAuts
  Lair:5: 1454 daAuts
     D:6: 1450 daAuts
  Lair:1: 1446 daAuts
     D:1: 1432 daAuts
